cohdb
Replays
Latest Replays
All Replays
Popular Replays
Top Player Replays
Match Explorer
How It Works
Community
CoH3 Stats
Reddit
Sign in to upload your games and track your stats! →
Sign in with Steam
Match 39148902
Unlisted
Match 39148902
Overview
Messages
Build Orders
End
Construct Infanterie Kompanie
Grenadier Squad
Grenadier Squad
MG 42 Machine Gun Team
Grenadier Squad
Grenadier Squad
Construct Panzergrenadier Kompanie
Infanterie Officer Quarters
Selects Luftwaffe Battlegroup
Selects Luftwaffe Pioneer Support
Selects LG40 Recoilless Gun Paradrop
Selects Stuka Strafing Run
251 Medium Carrier
Medical Bunker
MG 42 Machine Gun Team
Pak 40 Anti-tank Gun Team
Support Elements
Nebelwerfer 42 Rocket Launcher Team
Selects Fallschirmjäger Squad Paradrop
Fallschirmjäger Squad Paradrop
Pak 40 Anti-tank Gun Team
Selects Stuka Loiter
StuG III G Assault Gun
Pioneer Squad
StuG III G Assault Gun
Pioneer Squad
Pak 40 Anti-tank Gun Team
Stuka Strafing Run
Mr Kiwi
Mr Pear
Wolowizard
BigTiddyLebron
0
0
Comments
sign in to comment!
No comments posted yet!